 Dungeon Crawl Stone Soup version 0.25.1-2-g60ff931df9 (webtiles) character file.

Game seed: 6257314167849312189

15363 Artemis the Frost Mage (level 12, 0/74 HPs)
             Began as a Merfolk Ice Elementalist on Sept 12, 2020.
             Was a High Priest of Vehumet.
             Shot with an arrow by a centaur warrior (9 damage)
             ... on level 11 of the Dungeon on Sept 13, 2020.
             The game lasted 01:31:22 (18040 turns).

Artemis the Frost Mage (Merfolk Ice Elementalist)  Turns: 18040, Time: 01:31:23

Health: 0/74       AC:  8    Str:  9    XL:     12   Next: 26%
Magic:  27/27      EV: 13    Int: 18    God:    Vehumet [*****.]
Gold:   597        SH:  0    Dex: 15    Spells: 6/34 levels left

rFire    . . .     SeeInvis +   G - staff of cold
rCold    + . .     Gourm    .   (no shield)
rNeg     . . .     Faith    .   N - +2 robe
rPois    +         Spirit   .   k - +2 helmet
rElec    .         Reflect  .   (no cloak)
rCorr    .         Harm     .   C - +0 pair of gloves
MR       .....                  (no boots)
Stlth    ++........             v - amulet of magic regeneration
HPRegen  0.22/turn              d - ring of see invisible
MPRegen  0.45/turn              m - ring of poison resistance

@: very slightly contaminated
A: change form in water, swift swim, stealthy swim
a: Renounce Religion


You were on level 11 of the Dungeon.
You worshipped Vehumet.
Vehumet was extremely pleased with you.
You were not hungry.

You visited 1 branch of the dungeon, and saw 11 of its levels.
You also visited: Ossuary and Bailey.

You collected 597 gold pieces.

Inventory:

Hand Weapons
 o - a +4 falchion of freezing
 K - the +2 dagger of Ointment {flame, rF+ MP+9}
   (You found it in a bailey)

   It has been specially enchanted to burn those struck by it, causing extra
   injury to most foes and up to half again as much damage against particularly
   susceptible opponents.
   It protects you from fire.
   It affects your magic capacity (+9).
Missiles
 w - 4 silver boomerangs (quivered)
 y - 4 atropa-tipped darts
 A - 65 poisoned darts
Armour
 k - a +2 helmet (worn)
 C - a +0 pair of gloves (worn)
 E - a +0 troll leather armour
 M - +0 ice dragon scales
 N - a +2 robe (worn)
Magical Staves
 l - an uncursed staff of wizardry
 G - an uncursed staff of cold (weapon)
Jewellery
 a - an uncursed ring of fire
 d - a ring of see invisible (left hand)
 i - an uncursed ring of positive energy
 m - a ring of poison resistance (right hand)
 v - an amulet of magic regeneration (around neck)
 I - an uncursed ring of stealth
Wands
 f - a wand of acid (15)
 r - a wand of polymorph (14)
 J - a wand of iceblast (9)
Scrolls
 e - 3 scrolls of teleportation
 h - 2 scrolls of enchant armour
 j - 2 scrolls of amnesia
 n - 4 scrolls of identify
 p - 2 scrolls of enchant weapon
 t - 3 scrolls of fear
 u - a scroll of random uselessness {unknown}
 x - 3 scrolls of remove curse
 B - a scroll of blinking
Potions
 g - 4 potions of stabbing
 q - 3 potions of flight
 s - 4 potions of magic
 D - 3 potions of haste
 H - 2 potions of might
 L - 2 potions of ambrosia
Comestibles
 c - 29 rations
 z - a chunk of flesh


   Skills:
 + Level 3.0 Long Blades
 + Level 0.3 Staves
 - Level 2.9 Dodging
 - Level 2.3 Stealth
 + Level 11.5 Spellcasting
 + Level 6.3 Conjurations
 + Level 1.1 Charms
 + Level 3.0 Fire Magic
 + Level 11.7 Ice Magic
 * Level 5.1 Earth Magic


You had 6 spell levels left.
You knew the following spells:

 Your Spells              Type           Power        Failure   Level  Hunger
a - Freeze                Ice            ####         1%          1    None
b - Frozen Ramparts       Ice            ######       1%          3    None
c - Ozocubu's Armour      Chrm/Ice       ######..     1%          3    None
d - Fireball              Conj/Fire      ####......   8%          5    ####...
e - Hailstorm             Conj/Ice       ######..     1%          4    ##.....
f - Magic Dart            Conj           ####         1%          1    None
g - Conjure Flame         Conj/Fire      ####....     1%          3    None
h - Stone Arrow           Conj/Erth      ####..       1%          3    None
i - Lee's Rapid Deconstr  Erth           ####......   6%          5    ####...

Your spell library contained the following spells:

 Spells                   Type           Power        Failure   Level  Hunger
 Summon Ice Beast         Ice/Summ       #####...     6%          4    ##.....
 Animate Skeleton         Necr           N/A          7%          1    None
 Apportation              Tloc           ##....       7%          1    None
 Corona                   Hex            ##.....      7%          1    None
 Summon Small Mammal      Summ           ##..         7%          1    None


Dungeon Overview and Level Annotations

Branches:
Dungeon (11/15)            Temple (0/1) D:6            Lair (0/6) D:8
    Orc (0/2) D:9         Ossuary (visited)          Bailey (visited)

Altars:
Dithmenos
Elyvilon
Gozag
Okawaru
Qazlal
Sif Muna
Vehumet
Xom
Yredelemnul
The Shining One
Beogh

Shops:
D:5 *

Annotations:
D:7 Harold


Message History

The centaur warrior shoots an arrow.
The arrow hits you.
The wall freezes the centaur warrior!
The centaur warrior shoots an arrow.
The arrow misses you.
The wall freezes the centaur warrior.
The centaur warrior shoots an arrow.
The arrow hits you!!
* * * LOW HITPOINT WARNING * * *
You see here an arrow.
Casting: Stone Arrow (safe; 1% risk of failure)
Confirm with . or Enter, or press ? or * to list all spells.
You can't see any susceptible monsters within range! (Use Z to cast anyway.) Unknown command.
Blink to where?
Press: ? - help, Dir - move target cursor, p - centaur warrior You are very lightly contaminated with residual magic.
As you read the scroll of blinking, it crumbles to dust.
The frozen ramparts melt away.
Things that are here:
a +0 dagger; a big kobold corpse The centaur warrior is too close now for your liking.
The centaur warrior shoots an arrow.
The arrow hits you!
You die...

### #..# ##...# ###....#
#..# ##..<..# #..# ##......#
#.. #.......# #.## #...@..##
####..## ##....##
####......####....#
.......c...).....#######
....(.......)))((((....#
.........c.########......>.[
..........## ####..###.
...........# ..#
...........# ##


You could see a centaur warrior.

Vanquished Creatures
  A two-headed ogre (D:8)
  An orc high priest (Bailey)
  2 unseen horrors (D:10)
  2 orc knights (Bailey)
  An orc sorcerer (Bailey)
  An ugly thing (D:10)
  An elephant (D:8)
  2 trolls (D:10)
  A hornet (D:9)
  11 yaks
  3 basilisks
  2 wraiths
  4 vampire mosquitoes
  A hungry ghost (D:10)
  A water moccasin (D:7)
  5 sky beasts
  A hornet zombie (D:6)
  16 orc warriors
  A black bear (D:7)
  An ice beast (D:3)
  2 necrophages
  2 phantoms
  An ogre (D:7)
  7 centaurs
  6 big kobolds
  Blork the orc (D:5)
  8 bullfrogs
  3 scorpions
  10 killer bees
  4 wights (D:9)
  5 electric eels (Bailey)
  7 crimson imps
  A centaur zombie (D:5)
  A quasit (D:10)
  3 bullfrog zombies
  7 hounds
  3 jellies
  A bullfrog skeleton (D:5)
  6 orc priests
  15 orc wizards
  3 centaur skeletons
  3 iguanas
  Natasha (thrice) (D:2)
  A worker ant (D:7)
  A killer bee zombie (D:9)
  2 hound zombies
  3 mummies (Ossuary)
  Robin (D:2)
  8 gnolls
  7 adders
  A shadow imp (D:5)
  2 oozes
  An adder zombie (D:9)
  2 worms (D:2)
  A dart slug (D:1)
  6 leopard geckos
  60 orcs
  3 ball pythons
  11 bats
  12 giant cockroaches
  A gnoll zombie (Ossuary)
  26 goblins
  15 hobgoblins
  13 jackals
  7 quokkas
  7 frilled lizards
  5 goblin zombies (Ossuary)
  26 kobolds
  2 kobold zombies (Ossuary)
  An orc zombie (Ossuary)
  7 rats
392 creatures vanquished.

Vanquished Creatures (others)
  A leopard gecko (D:6)
  A kobold zombie (Ossuary)
  An orc zombie (Ossuary)
3 creatures vanquished.

Grand Total: 395 creatures vanquished

Notes
Turn   | Place    | Note
-------+----------+-------------------------------------------
     0 | D:1      | Artemis the Merfolk Ice Elementalist began the quest for
                  | the Orb.
     0 | D:1      | Reached XP level 1. HP: 13/13 MP: 3/3
    26 | D:1      | Reached XP level 2. HP: 7/19 MP: 0/5
   731 | D:1      | Reached skill level 5 in Ice Magic
   731 | D:1      | Reached XP level 3. HP: 18/24 MP: 2/6
  1267 | D:1      | Learned a level 3 spell: Frozen Ramparts
  1271 | D:1      | Learned a level 3 spell: Ozocubu's Armour
  1629 | D:2      | Reached XP level 4. HP: 27/30 MP: 5/8
  1812 | D:2      | Noticed Robin
  1859 | D:2      | Killed Robin
  1934 | D:2      | Noticed Natasha
  1940 | D:2      | Killed Natasha
  1978 | D:2      | Noticed Natasha
  2100 | D:2      | Killed Natasha
  2100 | D:2      | Reached XP level 5. HP: 24/35 MP: 1/10
  2662 | D:2      | Noticed Natasha
  2675 | D:2      | Killed Natasha
  2727 | D:2      | Found an iron altar of Okawaru.
  2852 | D:3      | Found a radiant altar of Vehumet.
  2858 | D:3      | Became a worshipper of Vehumet
  2956 | D:3      | Reached XP level 6. HP: 41/41 MP: 8/12
  3315 | D:3      | Reached skill level 5 in Spellcasting
  3443 | D:3      | Reached XP level 7. HP: 30/46 MP: 9/14
  3759 | D:3      | Reached * piety under Vehumet
  3759 | D:3      | Offered knowledge of Sandblast by Vehumet.
  3763 | D:3      | Learned a level 1 spell: Sandblast
  3807 | D:3      | Learned a level 4 spell: Hailstorm
  4173 | D:3      | Found a stormy altar of Qazlal.
  4563 | D:4      | Found a white marble altar of Elyvilon.
  4674 | D:4      | Found a shadowy altar of Dithmenos.
  4758 | D:4      | Reached skill level 1 in Conjurations
  4950 | D:4      | Offered knowledge of Magic Dart by Vehumet.
  4950 | D:4      | Reached XP level 8. HP: 34/52 MP: 13/17
  4983 | D:4      | Reached ** piety under Vehumet
  5219 | D:4      | Learned a level 1 spell: Magic Dart
  5553 | D:5      | Entered Level 5 of the Dungeon
  5774 | D:5      | Noticed Blork the orc
  5779 | D:5      | Killed Blork the orc
  5779 | D:5      | Reached skill level 1 in Earth Magic
  6086 | D:5      | Found a sand-covered staircase.
  6110 | Ossuary  | Entered an ossuary
  6110 | Ossuary  | Noticed a wraith
  6110 | Ossuary  | Noticed a wraith
  6110 | Ossuary  | Noticed a wraith
  6390 | Ossuary  | Noticed a wraith
  6396 | Ossuary  | Killed a wraith
  6396 | Ossuary  | Reached skill level 1 in Long Blades
  6606 | D:5      | Offered knowledge of Conjure Flame by Vehumet.
  6919 | D:5      | Learned a level 3 spell: Conjure Flame
  7176 | D:5      | Reached *** piety under Vehumet
  7180 | D:5      | Found an iron altar of Okawaru.
  7251 | D:5      | Found Gibam's Lightly-Used Armoury.
  7282 | D:5      | Reached XP level 9. HP: 57/57 MP: 16/19
  7755 | D:6      | Found a staircase to the Ecumenical Temple.
  7944 | D:6      | Reached skill level 1 in Fire Magic
  9549 | D:6      | Offered knowledge of Stone Arrow by Vehumet.
  9554 | D:6      | Learned a level 3 spell: Stone Arrow
  9569 | D:6      | Found a shimmering altar of Xom.
  9571 | D:6      | Found a basalt altar of Yredelemnul.
 10551 | D:7      | Found a flagged portal.
 10786 | Bailey   | Entered a bailey
 11111 | Bailey   | Noticed an orc knight
 11137 | Bailey   | Killed an orc knight
 11137 | Bailey   | Reached skill level 1 in Charms
 11137 | Bailey   | Reached XP level 10. HP: 63/63 MP: 4/22
 11280 | Bailey   | Reached **** piety under Vehumet
 11282 | Bailey   | Found an iron altar of Okawaru.
 11282 | Bailey   | Noticed an orc sorcerer
 11282 | Bailey   | Noticed an orc high priest
 11294 | Bailey   | Noticed an orange demon
 11297 | Bailey   | Noticed a sun demon
 11297 | Bailey   | Killed an orc high priest
 11306 | Bailey   | Killed an orc sorcerer
 11331 | Bailey   | Noticed an orc knight
 11699 | Bailey   | Offered knowledge of Lee's Rapid Deconstruction by Vehumet.
 11707 | Bailey   | Learned a level 5 spell: Lee's Rapid Deconstruction
 11817 | Bailey   | Reached skill level 10 in Ice Magic
 11818 | Bailey   | Killed an orc knight
 12282 | Bailey   | Got a jewelled dagger
 12576 | D:7      | Identified the cursed +2 dagger of Ointment {flame, rF+
                  | MP+9} (You found it in a bailey)
 13045 | D:7      | Reached XP level 11. HP: 53/68 MP: 19/24
 13239 | D:7      | Noticed Harold
 13379 | D:8      | Found a staircase to the Lair.
 13395 | D:8      | Reached skill level 10 in Spellcasting
 13803 | D:8      | Reached skill level 5 in Conjurations
 13895 | D:8      | Found an opulent altar of Gozag.
 14269 | D:8      | Reached ***** piety under Vehumet
 14488 | D:8      | Noticed a two-headed ogre
 14492 | D:8      | Killed a two-headed ogre
 14619 | D:8      | Offered knowledge of Fireball by Vehumet.
 14645 | D:8      | Learned a level 5 spell: Fireball
 14803 | D:9      | Found a staircase to the Orcish Mines.
 14913 | D:9      | Found a roughly hewn altar of Beogh.
 15349 | D:9      | Found a glowing golden altar of the Shining One.
 15851 | D:9      | Found a shimmering blue altar of Sif Muna.
 15963 | D:10     | Entered Level 10 of the Dungeon
 16252 | D:10     | Acquired an uncursed staff of wizardry
 16910 | D:10     | Noticed an unseen horror
 16952 | D:10     | Noticed an unseen horror
 16958 | D:10     | Killed an unseen horror
 16958 | D:10     | Reached XP level 12. HP: 53/74 MP: 27/27
 17483 | D:10     | Reached skill level 5 in Earth Magic
 18014 | D:11     | Noticed a centaur warrior
 18040 | D:11     | Shot with an arrow by a centaur warrior

Illustrated notes

Levels and vault maps discovered:
D:1:      noname_arrival_rooms_in_the_neighbourhood, layout_rooms
D:2:      layout_basic, kennysheep_okawaru_gauntlet, uniq_robin, uniq_natasha
D:3:      layout_loops_ring, overflow_temple_1_default,
          nicolae_qazlal_eye_of_the_storm, first_ration
D:4:      layout_cave_pools, nicolae_dithmenos_the_darkroom,
          kennysheep_mini_moat
D:5:      layout_gridville, kennysheep_mini,
          lightli_ossuary_entry_decrepit_ruins, minmay_shop_damaged,
          uniq_blork_the_orc
D:6:      layout_layer_cave, chequers_temple_overflow_statue_of_worship,
          minmay_temple_entry_junction
D:7:      layout_loops_ring, lightli_bailey_entry_fortress, grunt_ogre_cave,
          uniq_harold
D:8:      minmay_thinvault, layout_gridville,
          nicolae_gozag_cash_rules_everything_around_me, david_lair_generic
D:9:      layout_loops_ring, nicolae_overflow_crystal_walls,
          overflow_temple_1_default, minmay_orc_entry_temple_small
D:10:     layout_gridville, minmay_fractal_squares_5
D:11:     layout_cave_pods, basic_altar, uniq_psyche

Skill      XL: |  1  2  3  4  5  6  7  8  9 10 11 12 |
---------------+-------------------------------------+-----
Ice Magic      | 5 6 7 9 10 11 | 11.7
Spellcasting   | 3 4 5 6 7 8 9 11 | 11.5
Conjurations   | 1 2 3 4 6 |  6.3
Earth Magic    | 2 3 4 5 |  5.1
Long Blades    | 2 3 |  3.0
Fire Magic     | 2 3 |  3.0
Charms         | 1 |  1.1
Staves         | |  0.3
Dodging        | |  2.9
Stealth        | |  2.3

Action                   |  1- 3 |  4- 6 |  7- 9 | 10-12 || total
-------------------------+-------+-------+-------+-------++-------
Melee: Unarmed           |    21 |       |       |       ||    21
       Dagger            |    22 |    28 |    61 |    37 ||   148
       Scimitar          |       |       |    53 |     2 ||    55
       Staff             |       |       |     2 |    27 ||    29
 Cast: Freeze            |    46 |    24 |   115 |   108 ||   293
       Frozen Ramparts   |     1 |    18 |    59 |    64 ||   142
       Magic Dart        |       |       |    70 |    25 ||    95
       Ozocubu's Armour  |       |       |     2 |       ||     2
       Stone Arrow       |       |       |    12 |   152 ||   164
       Sandblast         |       |       |     4 |       ||     4
       Hailstorm         |       |       |     3 |     3 ||     6
       Conjure Flame     |       |       |     3 |     1 ||     4
       Fireball          |       |       |       |     6 ||     6
  Use: Scroll            |     4 |     4 |     3 |    17 ||    28
       Potion            |       |       |     8 |     2 ||    10
 Stab: Sleeping          |     2 |     4 |     7 |     3 ||    16
  Eat: Chunk             |     3 |     7 |    19 |    23 ||    52
       Ration            |       |       |     2 |       ||     2
Armor: Robe              |    21 |    14 |    37 |    51 ||   123
Dodge: Dodged            |    57 |    20 |   172 |   158 ||   407
       Rpst.: Scimitar   |       |       |    24 |     1 ||    25
